 Dungeon Crawl Stone Soup version 0.30-a0-728-gc68057be0a (webtiles) character file.

Game seed: 5627262219060914519

774 KleinerIrrer the Slasher (level 8, 0/58 HPs)
             Began as a Djinni Reaver on Jan 30, 2023.
             Killed by divine providence
             ... invoked by an orc priest
              (10 damage)
             ... on level 5 of the Dungeon.
             The game lasted 00:12:50 (4628 turns).

KleinerIrrer the Slasher (Djinni Reaver)            Turns: 4628, Time: 00:12:50

Health: 0/58       AC:  5    Str: 11    XL:     8   Next: 10%
Gold:   200        EV: 12    Int: 17    God:
                   SH:  0    Dex: 12

rFire   + + .      SeeInvis .    a - +0 falchion
rCold   x . .      Faith    .    (no shield)
rNeg    . . .      Spirit   .    b - +0 leather armour
rPois   ∞          Reflect  .    j - +1 hat
rElec   .          Harm     .    (no cloak)
rCorr   .          Rampage  .    l - +0 pair of gloves
Will    .....                    (boots unavailable)
Stlth   +                        (no amulet)
HPRegen 0.29/turn                (no ring)
MPRegen 0.00/turn                (no ring)

@: flying
A: sickness immunity, fire resistance 2, cold vulnerability 1, float, innate
caster, HP casting, extra vitality 1
a: no special abilities


You were on level 5 of the Dungeon.
You visited 1 branch of the dungeon, and saw 5 of its levels.

You collected 200 gold pieces.

Inventory:

Hand Weapons
 a - a +0 falchion (weapon)
 w - a +0 shortbow
Missiles
 d - 36 stones
Armour
 b - a +0 leather armour (worn)
 h - a +0 chain mail
 j - a +1 hat (worn)
 l - a +0 pair of gloves (worn)
 t - the +0 hat of the Skies Above {+Inv rN+++ Str-5 Int-2}
   (You found it on level 4 of the Dungeon)

   Str:       It affects your strength (-5).
   Int:       It affects your intelligence (-2).
   rN:        It renders you almost immune to negative energy.
   +Inv:      It lets you turn invisible.
Scrolls
 c - a scroll of silence {unknown}
 g - 6 scrolls of identify
 i - a scroll of noise
 k - a scroll of brand weapon {unknown}
 n - a scroll of enchant weapon {unknown}
 o - a scroll of enchant armour {unknown}
 r - a scroll of blinking {unknown}
 v - a scroll of fog {unknown}
Potions
 e - a potion of curing {unknown}
 f - 2 potions of invisibility {unknown}
 m - 2 potions of ambrosia {unknown}
 p - a potion of cancellation {unknown}
 q - a potion of might
 s - a potion of attraction
 u - a potion of brilliance {unknown}


   Skills:
 + Level 4.3 Fighting
 * Level 5.7 Long Blades
 + Level 1.9 Armour
 + Level 3.1 Dodging
 + Level 3.8 Spellcasting


You had 2 spell levels left.
You knew the following spells:

 Your Spells              Type           Power      Damage    Failure   Level
a - Kiss of Death         Conj/Necr      64%        2d10      4%          1
b - Momentum Strike       Conj/Tloc      32%        3d8       7%          2
c - Hailstorm             Conj/Ice       16%        3d6       13%         3
d - Sting                 Tmut/Pois      64%        1d6       4%          1
e - Lesser Beckoning      Tloc           32%        N/A       7%          2
f - Teleport Other        Tloc           16%        N/A       13%         3
Your spell library was empty.

Dungeon Overview and Level Annotations

Branches:
Dungeon (5/15)
 Temple: D:4-7

Altars:
Ashenzari
Fedhas


Innate Abilities, Weirdness & Mutations

You are immune to sickness and miasma.
You are immune to poison.
Your flesh is very heat resistant. (rF++)
You are vulnerable to cold. (rC-)
You float through the air rather than walking.
You learn spells naturally, not from books.
Your magical power is your life essence.
You have superior vitality. (+4 MHP)


Message History

The orc priest calls down the wrath of Beogh upon you.
Beogh smites you!
You hit the orc.
The orc is heavily wounded.
The orc hits you with a +0 hand axe.
You slash the orc!
You kill the orc!
You hit the orc priest but do no damage.
The orc priest casts a cantrip, but nothing happens.
You hit the orc priest but do no damage.
The orc priest begins to cast a cantrip, but forgets the words!
You hit the orc priest.
The orc priest is lightly wounded.
The orc priest closely misses you.
You hit the orc priest but do no damage.
The orc priest is lightly wounded.
The orc priest closely misses you.
You hit the orc priest.
The orc priest is moderately wounded.
The orc priest hits you with a +0 mace.
You hit the orc priest but do no damage.
The orc priest is moderately wounded.
The orc priest invokes the aid of Beogh against you.
Pain shoots through your body!
You hit the orc priest but do no damage.
The orc priest is moderately wounded.
The orc priest hits you with a +0 mace.
You hit the orc priest but do no damage.
The orc priest is moderately wounded.
The orc priest hits you with a +0 mace!
You closely miss the orc priest.
The orc priest is moderately wounded.
The orc priest invokes the aid of Beogh against you.
Beogh smites you!
* * * LOW HITPOINT WARNING * * *
You hit the orc priest.
The orc priest is severely wounded.
The orc priest invokes the aid of Beogh against you.
Beogh smites you!
You die...

#......# #...# #......#
##### #......# #......#
...#####......###########
.....o...............))>#
...#.....##############.#
#####o#######.....##.#
#..#@.........##.#
##.o..........##.#
######..........##.#
...................#
########..#.....#..#
##.#.....#.##
#..####...##### ##.#
#..###...# #.###.#.......


You could see an orc priest.

Vanquished Creatures
  Sigmund (D:3)
  2 ogres (D:4)
  A centaur (D:5)
  A necrophage (D:4)
  A howler monkey (D:4)
  A hound (D:4)
  A jelly (D:4)
  2 orc wizards (D:5)
  3 gnolls (D:4)
  4 adders
  3 worms
  3 dart slugs
  7 orcs
  7 endoplasms
  2 giant cockroaches
  7 hobgoblins
  4 quokkas
  9 ball pythons
  7 bats
  4 frilled lizards
  6 goblins
  4 kobolds
  2 rats (D:2)
82 creatures vanquished.

Notes
Turn   | Place    | Note
-------+----------+-------------------------------------------
     0 | D:1      | KleinerIrrer the Djinni Reaver began the quest for the Orb.
     0 | D:1      | KleinerIrrer set off with the following spells memorised:
                  | Kiss of Death, Momentum Strike, Hailstorm.
     0 | D:1      | Reached XP level 1. HP: 18/18 MP: 0/0
   117 | D:1      | Reached skill level 3 in Long Blades
   117 | D:1      | Reached XP level 2. HP: 23/23 MP: 0/0
   727 | D:2      | Reached XP level 3. HP: 27/28 MP: 0/0
   727 | D:2      | Learned a level 1 spell: Sting
  1104 | D:2      | Reached XP level 4. HP: 29/30 MP: 0/0
  1348 | D:2      | Found a faded altar of an unknown god.
  1777 | D:3      | Noticed Sigmund
  2128 | D:4      | Identified the +0 hat of the Skies Above {+Inv rN+++ Str-5
                  | Int-2}
  2166 | D:4      | Noticed a necrophage
  2181 | D:4      | Killed a necrophage
  2182 | D:4      | Reached skill level 4 in Long Blades
  2182 | D:4      | Reached XP level 5. HP: 33/40 MP: 0/0
  2182 | D:4      | Learned a level 2 spell: Lesser Beckoning
  2227 | D:4      | Found a broken altar of Ashenzari.
  2235 | D:4      | Found a blossoming altar of Fedhas.
  2502 | D:4      | Reached XP level 6. HP: 34/46 MP: 0/0
  2603 | D:4      | Noticed an ogre
  2619 | D:4      | Killed an ogre
  2943 | D:4      | Reached skill level 5 in Long Blades
  3280 | D:5      | Entered Level 5 of the Dungeon
  3280 | D:5      | Noticed an ogre
  3304 | D:4      | Killed an ogre
  3305 | D:4      | Reached XP level 7. HP: 15/51 MP: 0/0
  3305 | D:4      | Learned a level 3 spell: Teleport Other
  3802 | D:3      | Killed Sigmund
  3803 | D:3      | Reached skill level 1 in Armour
  4260 | D:5      | Reached XP level 8. HP: 55/58 MP: 0/0
  4628 | D:5      | Killed from afar by an orc priest

Illustrated notes

Levels and vault maps discovered:
D:1:      dpeg_arrival_tiny_d, layout_basic
D:2:      layout_basic, basic_ecumenical_altar, basic_altar
D:3:      layout_loops_ring, hangedman_abyss_or_decor_stabs, uniq_sigmund
D:4:      layout_loops_ring, minitemple
D:5:      layout_basic, roderic_three_in_a_row

Skill      XL: |  1  2  3  4  5  6  7 |
---------------+----------------------+-----
Long Blades    | 3 4 5 |  5.7
Fighting       | 3 4 |  4.3
Spellcasting   | 3 |  3.8
Armour         | 1 |  1.9
Dodging        | 3 |  3.1

Action                     |  1- 3 |  4- 6 |  7- 9 || total
---------------------------+-------+-------+-------++-------
  Melee: Falchion          |   129 |   158 |    69 ||   356
         Punch             |       |     1 |     3 ||     4
   Fire: Shortbow          |       |       |     6 ||     6
   Cast: Kiss of Death     |     1 |       |       ||     1
         Momentum Strike   |       |     1 |       ||     1
         Sting             |       |    10 |    11 ||    21
         Lesser Beckoning  |       |       |     2 ||     2
    Use: Potion            |       |     4 |       ||     4
         Scroll            |       |     3 |     1 ||     4
 Armour: Leather armour    |    44 |    36 |    23 ||   103
  Dodge: Dodged            |    78 |   105 |    33 ||   216

Table legend: (Time is in decaauts)
 A = Elapsed time spent in this place.
 B = Non-inter-level travel time spent in this place.
 C = Inter-level travel time spent in this place.
 D = Time resting spent in this place.
 E = Time spent auto-exploring this place.
 F = Levels seen in this place.
 G = Mean time per level.
                   A        B        C        D        E       F      G
               +--------+--------+--------+--------+--------+-----+--------+
         Total |   4670 |   4382 |    288 |    613 |   2850 |   5 |  934.0 |
       Dungeon |   4670 |   4382 |    288 |    613 |   2850 |   5 |  934.0 |
               +--------+--------+--------+--------+--------+-----+--------+

Top non-repeatable levels by time:
     D:4: 1707 daAuts
     D:3: 1023 daAuts
     D:2: 967 daAuts
     D:1: 496 daAuts
     D:5: 476 daAuts
